 Dungeon Crawl Stone Soup version 0.28-a0-1382-g92835e5c71 (webtiles) character file.

Game seed: 1865623671980554013

41 YayAnonymity the Shooter (level 3, 0/27 HPs)
             Began as a Demonspawn Hunter on Jan 1, 2022.
             Slain by a goblin (1 damage)
             ... on level 1 of the Dungeon.
             The game lasted 00:02:43 (1402 turns).

YayAnonymity the Shooter (Demonspawn Hunter)        Turns: 1402, Time: 00:02:44

Health: 0/27       AC:  3    Str: 14    XL:     3   Next: 32%
Magic:  3/3        EV: 11    Int: 12    God:
Gold:   13         SH:  4    Dex: 13    Spells: 2/2 levels left

rFire   . . .      SeeInvis .   b - +0 short sword
rCold   . . .      Faith    .   (no shield)
rNeg    . . .      Spirit   .   c - +0 leather armour
rPois   .          Reflect  .   (no helmet)
rElec   .          Harm     .   (no cloak)
rCorr   .          Rampage  .   (no gloves)
Will    .....                   (no boots)
Stlth   +.........              (no amulet)
HPRegen 0.09/turn               (no ring)
MPRegen 0.08/turn               (no ring)

@: no status effects
A: condensation shield
a: no special abilities


You were on level 1 of the Dungeon.
You visited 1 branch of the dungeon, and saw 2 of its levels.

You collected 13 gold pieces.

Inventory:

Hand Weapons
 a - a +1 shortbow
 b - a +0 short sword (weapon)
Missiles
 d - 5 arrows
Armour
 c - a +0 leather armour (worn)
Scrolls
 e - a scroll of identify {unknown}
 g - a scroll of brand weapon {unknown}
Potions
 f - a potion of curing {unknown}


   Skills:
 - Level 2.0 Fighting
 + Level 4.7 Bows
 - Level 1.7 Dodging
 - Level 0.8 Stealth


You had 2 spell levels left.
You didn't know any spells.
Your spell library contained the following spells:

 Spells                   Type           Power      Damage    Failure   Level
 Ensorcelled Hibernation  Hex/Ice        0%         N/A       54%         2
 Spider Form              Tmut/Pois      0%         N/A       77%         3


Dungeon Overview and Level Annotations

Branches:
Dungeon (2/15)

Altars:


Innate Abilities, Weirdness & Mutations

A meltable shield of frost defends you. (SH +4)


Message History

You closely miss the giant cockroach.
The giant cockroach completely misses you.
The goblin hits you with a +0 club.
You closely miss the giant cockroach. The giant cockroach bites you.
The goblin hits you but does no damage.
The giant cockroach bites you but does no damage.
The goblin hits you with a +0 club. The giant cockroach closely misses you.
You climb upwards.
There is a stone staircase leading down here.
You are too injured to fight recklessly!
You closely miss the goblin. The goblin barely misses you.
The giant cockroach closely misses you.
You closely miss the goblin. The giant cockroach closely misses you.
The goblin hits you with a +0 club.
You barely miss the goblin. The giant cockroach barely misses you.
The goblin hits you with a +0 club. You block the giant cockroach's attack.
You hit the goblin.
The goblin is moderately wounded.
The goblin hits you but does no damage. You block the giant cockroach's attack.
The goblin hits you with a +0 club.
* * * LOW HITPOINT WARNING * * *
You hit the goblin but do no damage.
The goblin is moderately wounded.
The giant cockroach barely misses you. The goblin hits you with a +0 club.
* * * LOW HITPOINT WARNING * * *
You closely miss the goblin.
The goblin is moderately wounded.
The giant cockroach closely misses you. The goblin closely misses you.
The giant cockroach closely misses you.
You closely miss the goblin.
The goblin is moderately wounded.
The giant cockroach barely misses you. The goblin hits you with a +0 club.
* * * LOW HITPOINT WARNING * * *
You barely miss the goblin.
The goblin is moderately wounded.
You block the giant cockroach's attack. The goblin hits you but does no damage.
You barely miss the giant cockroach. The giant cockroach bites you.
* * * LOW HITPOINT WARNING * * *
The goblin hits you with a +0 club.
You die...

############# #...........#
#.#########.# ### #.# #.# ##.## #
#.# #.# ##...## ########.#######
#†# ##.....#####
...............###.###...........
...............B@g..###.....#####
.##.####.###.#.###.># ##...##
.....# #.# #.#.# #..# ##.#######
.###.###.# #.#.# #..# #.......#
.........###.#.###..# #.#####.#
.##...............[.# #.# #.#
.##..###.......####.#####.# #.#
.##..##.#.#.#.#...........# #.#
.##..#.........####.#####.# #..


You could see a giant cockroach and a goblin.

Vanquished Creatures
  A dart slug (D:2)
  4 endoplasms (D:1)
  8 giant cockroaches
  3 goblins (D:1)
  4 hobgoblins (D:1)
  2 jackals (D:1)
  A quokka (D:2)
  A ball python (D:1)
  4 bats
  2 frilled lizards (D:1)
  2 kobolds (D:1)
  3 rats (D:1)
35 creatures vanquished.

Notes
Turn   | Place    | Note
-------+----------+-------------------------------------------
     0 | D:1      | YayAnonymity the Demonspawn Hunter began the quest for the
                  | Orb.
     0 | D:1      | Reached XP level 1. HP: 16/16 MP: 1/1
   330 | D:1      | Reached skill level 4 in Bows
   340 | D:1      | Gained mutation: A meltable shield of frost defends you.
                  | (SH +4) [demonic ancestry]
   340 | D:1      | Reached XP level 2. HP: 20/22 MP: 2/2
  1106 | D:2      | Reached XP level 3. HP: 27/27 MP: 3/3
  1402 | D:1      | HP: 1/27 [giant cockroach (1)]
  1402 | D:1      | Slain by a goblin

Illustrated notes

Levels and vault maps discovered:
D:1:      lemuel_arrival_funnel, layout_loops_ring, minmay_misc_feat_doors
D:2:      minmay_roachtagon, layout_loops_ring,
          hellmonk_ecumenical_altar_blasted, serial_shops, shop,
          serial_bayou_lagoon_a

Skill      XL: |  1 |
---------------+----+-----
Bows           | 4 |  4.7
Fighting       | |  2.0
Dodging        | |  1.7
Stealth        | |  0.8

Action                   || total
-------------------------++-------
Melee: Short sword       ||    91
 Fire: Shortbow          ||    62
Armor: Leather armour    ||    40
Dodge: Dodged            ||    79
Block: Other             ||    20

Table legend: (Time is in decaauts)
 A = Elapsed time spent in this place.
 B = Non-inter-level travel time spent in this place.
 C = Inter-level travel time spent in this place.
 D = Time resting spent in this place.
 E = Time spent auto-exploring this place.
 F = Levels seen in this place.
 G = Mean time per level.
                   A        B        C        D        E       F      G
               +--------+--------+--------+--------+--------+-----+--------+
         Total |   1410 |   1361 |     49 |    301 |    697 |   2 |  705.0 |
       Dungeon |   1410 |   1361 |     49 |    301 |    697 |   2 |  705.0 |
               +--------+--------+--------+--------+--------+-----+--------+

Top non-repeatable levels by time:
     D:1: 1178 daAuts
     D:2: 232 daAuts
